 Dungeon Crawl Stone Soup version 0.29.1-15-g9cfb28693d (webtiles) character file.

Game seed: 14629312946576951045

31 leafyfresh the Sneak (level 3, -1/26 HPs)
             Began as an Octopode Delver on Mar 5, 2023.
             Slain by an ice beast (9 damage)
             ... on level 6 of the Dungeon.
             The game lasted 00:00:19 (160 turns).

leafyfresh the Sneak (Octopode Delver)               Turns: 160, Time: 00:00:19

Health: -1/26      AC:  1    Str: 11    XL:     3   Next: 22%
Magic:  3/3        EV: 13    Int: 14    God:
Gold:   26         SH:  0    Dex: 13    Spells: 2/2 levels left

rFire   . . .      SeeInvis .   a - +0 short sword
rCold   . . .      Faith    .   (no shield)
rNeg    . . .      Spirit   .   (helmet restricted)
rPois   .          Reflect  .   (no amulet)
rElec   .          Harm     .   (no ring)
rCorr   .          Rampage  .   (no ring)
Will    .....                   (no ring)
Stlth   ++++......              (no ring)
HPRegen 0.08/turn               (no ring)
MPRegen 0.08/turn               (no ring)
                                (no ring)
                                (no ring)

@: no status effects
A: almost no armour, amphibious, 8 rings, camouflage 1, gelatinous body 1,
(nimble swimmer 1), tentacles
a: no special abilities


You were on level 6 of the Dungeon.
You visited 1 branch of the dungeon, and saw 2 of its levels.

You collected 26 gold pieces.

Inventory:

Hand Weapons
 a - a +0 short sword (weapon)
Wands
 f - a wand of digging (3)
Scrolls
 b - a scroll of fog
 c - a scroll of magic mapping
 d - a scroll of fear
Potions
 e - a potion of haste


   Skills:
 + Level 3.4 Fighting
 - Level 2.0 Short Blades
 + Level 2.6 Dodging
 + Level 7.1 Stealth


You had 2 spell levels left.
You didn't know any spells.
Your spell library was empty.

Dungeon Overview and Level Annotations

Branches:
Dungeon (6/15)
 Temple: D:4-7

Altars:


Innate Abilities, Weirdness & Mutations

You cannot wear most types of armour.
You are amphibious.
You can wear up to eight rings at the same time.
Your skin changes colour to match your surroundings (Stealth+).
Your rubbery body absorbs attacks. (AC +1, EV +1)
((You are camouflaged when in or above water. (Stealth+)))
You have tentacles for arms and can constrict up to eight enemies at once.


Message History

The helpless kobold fails to defend itself.
You impale the kobold!!
You kill the kobold!
The dart slug launches a dart at you. The slug dart misses you.
You hit the dart slug. You grab the dart slug.
The dart slug is lightly wounded.
You constrict the dart slug.
The kobold shouts! x2
The dart slug bites you.
The kobold throws a stone.
The stone closely misses you.
The kobold brigand shouts!
You release your grip on the dart slug.
Unknown command.
Found a scale mail.
There is a stone staircase leading down here.
You climb downwards.
Found a dagger.
There is a stone staircase leading up here.
HP restored.
You see here a +0 dagger.
Key pressed, stopping explore.
No target in view!
An ice beast comes into view.
An ice beast is nearby!
Found 10 gold pieces.
An ice beast is nearby!
The helpless ice beast fails to defend itself.
You impale the ice beast!!
Your tentacle-slap misses the ice beast.
The ice beast is severely wounded.
The ice beast closely misses you.
Unknown command.
You closely miss the ice beast. You squeeze the ice beast.
The ice beast is severely wounded.
The ice beast hits you. The ice beast freezes you!
You barely miss the ice beast. Your squeeze misses the ice beast.
The ice beast is severely wounded.
The ice beast hits you. The ice beast freezes you!
You die...

#### ... .. #.
#####.#########
#..$..@.......#
#.###Y#######.#
#. #.# #. #.#
#. #.# ## #.#
#.# #.# #.#


You could see an ice beast.

Vanquished Creatures
  A jelly (D:5)
  A kobold (D:5)
2 creatures vanquished.

Notes
Turn   | Place    | Note
-------+----------+-------------------------------------------
     0 | D:5      | leafyfresh the Octopode Delver began the quest for the Orb.
     0 | D:5      | Reached XP level 1. HP: 16/16 MP: 1/1
    11 | D:5      | Noticed a jelly
    17 | D:5      | Killed a jelly
    18 | D:5      | Reached skill level 7 in Stealth
    18 | D:5      | Reached XP level 2. HP: 15/21 MP: 2/2
    18 | D:5      | Reached XP level 3. HP: 19/26 MP: 3/3
    20 | D:5      | Noticed a kobold brigand
   151 | D:6      | Noticed an ice beast
   160 | D:6      | Slain by an ice beast

Illustrated notes

Levels and vault maps discovered:
D:5:      nicolae_BIG_FREAKIN_CUBE, layout_gridville, minmay_temple_entry_tees,
          uniq_menkaure, uniq_pikel
D:6:      layout_loops_ring, elyvilon_altar_5, fedhas_ov_isle_minmay

Skill      XL: |  1 |
---------------+----+-----
Stealth        | 7 |  7.1
Fighting       | |  3.4
Short Blades   | |  2.0
Dodging        | |  2.6

Action                   || total
-------------------------++-------
Melee: Short sword       ||     8
       Constrict         ||     1
       Tentacles         ||     1
 Stab: Sleeping          ||     3
Dodge: Dodged            ||     5
